 Dungeon Crawl Stone Soup version 0.23-a0-558-g30802b1d75 (console) character file.

119 Harunobu the Skirmisher (level 5, -4/85 HPs)
             Began as an Ogre Berserker on Dec 12, 2018.
             Was a Believer of Trog.
             Killed from afar by Ijyb (18 damage)
             ... with a wand of acid (5)
             ... on level 3 of the Dungeon.
             The game lasted 00:03:42 (3190 turns).

Harunobu the Skirmisher (Ogre Berserker)            Turns: 3190, Time: 00:03:42

Health: -4/85      AC: -5    Str: 27    XL:     5   Next: 3%
Magic:  5/5        EV: 10    Int:  8    God:    Trog [**....]
Gold:   106        SH:  0    Dex:  8    Spells: 4/4 levels left

rFire    . . .     SeeInvis .   a - +0 mace
rCold    . . .     Gourm    .   (no shield)
rNeg     . . .     Faith    .   b - +0 animal skin
rPois    .         Spirit   .   (helmet restricted)
rElec    .         Reflect  .   (no cloak)
rCorr    .         Harm     .   (gloves unavailable)
MR       .....                  (boots unavailable)
Stlth    ..........             (no amulet)
HPRegen  0.24/turn              (no ring)
MPRegen  0.09/turn              (no ring)

@: berserking, corroded, very quick
A: large, unfitting armour, tough skin 1
a: Berserk, Trog's Hand, Renounce Religion


You were on level 3 of the Dungeon.
You worshipped Trog.
Trog was pleased with you.
You were hungry.

You visited 1 branch of the dungeon, and saw 3 of its levels.

You collected 106 gold pieces.

Inventory:

Hand Weapons
 a - a +0 mace (weapon)
Armour
 b - a +0 animal skin (worn)
Jewellery
 g - an uncursed ring of wizardry {unknown}
Scrolls
 d - a scroll of noise {unknown}
 h - 3 scrolls of identify {unknown}
 i - a scroll of teleportation {unknown}
 j - 2 scrolls of magic mapping {unknown}
 k - a scroll of immolation {unknown}
 l - 2 scrolls of enchant weapon {unknown}
Potions
 e - a potion of flight {unknown}
 f - 4 potions of curing {unknown}
 m - a potion of lignification {unknown}
 n - 4 potions of might {unknown}
 o - a potion of mutation {unknown}
 p - a potion of resistance {unknown}
Comestibles
 c - 7 rations
 q - 2 chunks of flesh


   Skills:
 + Level 5.1 Fighting
 + Level 3.7 Maces & Flails
 + Level 3.5 Dodging
 + Level 0.5 Stealth


You had 4 spell levels left.
You didn't know any spells.
Your spell library was empty.

Dungeon Overview and Level Annotations

Branches:
Dungeon (3/15)

Altars:
Uskayaw
Xom

Annotations:
D:3 Ijyb


Innate Abilities, Weirdness & Mutations

You are too large for most types of armour.
You have tough skin. (AC +1)


Message History

You closely miss the quokka.
The quokka bites you but does no damage.
Ijyb zaps a wand.
The bolt of acid misses you. The quokka barely misses you.
You closely miss the quokka. The quokka barely misses you.
Ijyb zaps a wand.
The bolt of acid hits you! The acid corrodes you!
You are splashed with acid!
The acid burns!
A red film seems to cover your vision as you go berserk!
You feel yourself moving faster!
You feel mighty!
You are feeling hungry.
The quokka closely misses you.
Ijyb screams, "Die!"
Ijyb zaps a wand.
The bolt of acid hits you! The acid corrodes you!
You are splashed with acid!
The acid burns!
* * * LOW HITPOINT WARNING * * *
You hit the quokka but do no damage. The quokka bites you.
* * * LOW HITPOINT WARNING * * *
You miss the quokka. The quokka bites you.
* * * LOW HITPOINT WARNING * * *
Ijyb zaps a wand.
The bolt of acid hits you!
You die...

#.########## #.#
#...... #.# #..#...
#.# #_....[ ###.#
#..#... #...# #......
########.############
##.#....!..........
#.....r@.....#####.
.......#.##..#
#..#.#g#.##..# # #
....##..# ##.####..#
.. #..# ##. ..# #.


You could see Ijyb and a quokka.

Vanquished Creatures
  2 gnolls (D:1)
  4 adders (D:2)
  An ooze (D:1)
  A worm (D:3)
  2 dart slugs
  A leopard gecko (D:2)
  2 orcs (D:3)
  3 bats
  3 giant cockroaches
  3 goblins
  3 hobgoblins (D:1)
  4 jackals (D:1)
  A quokka (D:2)
  A ball python (D:1)
  4 frilled lizards
  10 kobolds
  9 rats
54 creatures vanquished.

Notes
Turn   | Place    | Note
-------+----------+-------------------------------------------
     0 | D:1      | Harunobu the Ogre Berserker began the quest for the Orb.
     0 | D:1      | Reached XP level 1. HP: 24/24 MP: 1/1
    25 | D:1      | Reached XP level 2. HP: 16/32 MP: 2/2
   409 | D:1      | Reached XP level 3. HP: 40/40 MP: 3/3
  1158 | D:1      | Reached ** piety under Trog
  1328 | D:2      | Reached XP level 4. HP: 39/49 MP: 4/4
  2061 | D:2      | Reached skill level 5 in Fighting
  2271 | D:2      | Noticed a +0 dagger
  2272 | D:2      | Noticed a +0 dagger
  2275 | D:2      | Found a hide-covered altar of Uskayaw.
  3030 | D:3      | Reached XP level 5. HP: 54/57 MP: 5/5
  3117 | D:3      | Found a shimmering altar of Xom.
  3182 | D:3      | Noticed Ijyb
  3190 | D:3      | Killed from afar by Ijyb

Vault maps used:
D:1:      mrwooster_arrival_statue_2, minmay_tromino_v4_a
D:2:      dancing_weapons_uskayaw, first_ration
D:3:      lemuel_coloured_pillars_altar, dk_noncrumbling_3,
          minmay_misc_feat_columns, uniq_ijyb, uniq_robin

Skill      XL: |  1  2  3  4 |
---------------+-------------+-----
Dodging        | 3 |  3.5
Maces & Flails | 3 |  3.7
Fighting       | 5 |  5.1
Stealth        | |  0.5

Action                   |  1- 3 |  4- 6 || total
-------------------------+-------+-------++-------
Melee: Mace              |    75 |   116 ||   191
Invok: Berserk           |     3 |     2 ||     5
  Eat: Chunk             |     4 |     7 ||    11
Armor: Animal skin       |    21 |    26 ||    47
Dodge: Dodged            |    47 |    65 ||   112

Table legend:
 A = Non-vault XP
 B = Vault XP
 C = Vault XP percentage of total XP
 D = Non-vault monster count
 E = Vault monster count
 F = Vault count percentage of total count
                 A         B        C        D         E       F
            +---------+---------+-------+---------+---------+-------
      Total |     168 |       2 |   1.2 |      52 |       2 |   3.7
            +---------+---------+-------+---------+---------+-------
        D:1 |      64 |       2 |   3.0 |      21 |       2 |   8.7
        D:2 |      83 |       0 |   0.0 |      23 |       0 |   0.0
        D:3 |      21 |       0 |   0.0 |       8 |       0 |   0.0
            +---------+---------+-------+---------+---------+-------
